Map: Disco Bloodbath LE

Players

Serral - Winner!

  • Race: Zerg Zerg
  • League: Master
  • Spawn Location: 9:00

Special

  • Race: Terran Terran
  • League: Master
  • Spawn Location: 3:00

Event: HomeStory Cup XX

VOD

Have the link to the VOD?

Description

Time

  • Played on: Nov. 22, 2019, 3:57 p.m.
  • Length: 7:36

All games in this series

Show
View Real Time Build Order
Export as new Build Order

Serral Zerg - Winner!

Build Orders: Hatch First 

Get SALT Encoding   

  12  0:00  Drone  
  13  0:12  Overlord  
  13  0:16  Drone  
  14  0:31  Drone x2  
  16  0:47  Hatchery  
  15  0:51  Drone  
  15  0:54  Drone  
  17  0:58  Drone  
  18  1:08  Extractor  
  17  1:13  Spawning Pool  
  17  1:16  Drone  
  17  1:19  Drone  
  18  1:28  Drone  
  19  1:39  Drone  
  20  1:50  Overlord  
  20  2:00  Queen x2  
  20  2:01  Zergling x4  
  26  2:11  Drone x2  
  28  2:21  Drone  
  28  2:22  Drone  
  30  2:30  Hatchery  
  30  2:34  Metabolic Boost  
  29  2:37  Drone  
  29  2:40  Drone  
  31  2:46  Queen  
  33  2:52  Overlord  
  33  2:54  Drone  
  33  2:56  Drone  
  35  2:59  Drone  
  36  3:09  Pneumatized Carapace  
  36  3:11  Drone x2  
  36  3:12  Drone x2  
  40  3:16  Overlord  
  40  3:19  Drone  
  41  3:22  Drone  
  41  3:26  Queen  
  44  3:41  Drone  
  44  3:42  Queen, Drone x2  
  44  3:44  Overlord  
  44  3:45  Drone x2  
  44  3:48  Drone  
  52  3:50  Drone x2  
  54  3:56  Zergling x2  
  54  3:57  Zergling x2  
  54  3:59  Overlord  
  54  4:00  Drone x2  
  58  4:05  Queen  
  60  4:10  Overlord  
  60  4:11  Drone x2  
  60  4:12  Drone  
  60  4:15  Overlord  
  63  4:17  Drone  
  64  4:24  Lair  
  64  4:25  Zergling x2  
  64  4:26  Drone x2  
  64  4:27  Drone  
  64  4:28  Drone  
  69  4:34  Roach Warren, Overlord  
  69  4:35  Zergling x2  
  70  4:38  Drone x2  
  70  4:41  Drone x2  
  70  4:43  Zergling x2  
  74  4:46  Extractor  
  74  4:48  Extractor x2  
  74  4:49  Queen  
  74  4:51  Queen  
  75  4:55  Zergling x6  
  75  4:58  Drone x3  
  80  5:00  Drone  
  80  5:01  Drone  
  80  5:04  Extractor  
  81  5:07  Spore Crawler  
  81  5:13  Overlord  
  76  5:15  Drone x8  
  76  5:20  Spore Crawler  
  82  5:24  Roach  
  82  5:25  Roach x2  
  88  5:32  Spire  
  88  5:33  Roach x2  
  91  5:37  Overlord  
  91  5:38  Drone x3  
  91  5:40  Spore Crawler  
  91  5:42  Drone x2  
  95  5:44  Glial Reconstitution  
  95  5:45  Drone  
  95  5:47  Drone  
  97  5:51  Spore Crawler  
  97  5:53  Drone x3  
  97  5:56  Drone x3  
  100  6:01  Drone x2  
  103  6:05  Extractor  
  103  6:08  Drone, Evolution Chamber  
  101  6:17  Drone x3  
  103  6:19  Overlord  
  103  6:23  Hatchery  
  103  6:24  Overlord  
  102  6:42  Infestation Pit  
  102  6:45  Mutalisk x7  
  115  6:54  Drone x2  
  115  6:56  Roach x7  
  115  6:59  Zergling x2, Roach  
  115  7:00  Zergling x2  
  129  7:13  Drone  
  129  7:15  Hydralisk Den, Overlord  
  129  7:21  Infestation Pit  
Show
View Real Time Build Order
Export as new Build Order

Special Terran 

Build Orders: Command Center First (CC), Mech 

Get SALT Encoding   

  12  0:00  SCV  
  13  0:12  SCV  
  14  0:17  Supply Depot  
  14  0:25  SCV  
  15  0:38  SCV  
  16  0:50  SCV  
  17  0:59  Command Center  
  17  1:03  SCV  
  18  1:12  Barracks  
  18  1:15  SCV  
  19  1:21  Refinery  
  19  1:27  SCV  
  20  1:39  SCV  
  21  1:52  SCV  
  22  2:00  Marine  
  23  2:05  Orbital Command  
  23  2:11  Orbital Command  
  23  2:18  Marine  
  23  2:21  Factory  
  24  2:31  SCV  
  24  2:32  Command Center  
  25  2:38  SCV  
  25  2:40  Barracks Reactor  
  25  2:43  SCV  
  27  2:45  Refinery  
  27  2:50  SCV  
  28  2:55  SCV  
  29  3:02  SCV  
  30  3:07  SCV  
  30  3:08  Supply Depot  
  31  3:14  Starport  
  31  3:15  SCV  
  31  3:19  SCV  
  33  3:21  Hellion x2  
  33  3:22  Marine  
  33  3:24  Refinery  
  38  3:30  SCV  
  38  3:32  SCV  
  38  3:33  Supply Depot  
  40  3:40  Marine  
  41  3:42  Hellion x2, SCV  
  41  3:44  SCV  
  41  3:48  Orbital Command  
  47  3:54  Starport Tech Lab, Fusion Core  
  47  3:57  SCV  
  47  3:59  SCV  
  49  4:06  Hellion x2  
  53  4:10  Supply Depot  
  53  4:12  SCV  
  53  4:13  SCV  
  53  4:16  SCV  
  56  4:24  SCV  
  56  4:25  SCV  
  56  4:28  Hellion x2  
  56  4:30  Orbital Command  
  63  4:34  Supply Depot  
  63  4:36  Refinery, SCV  
  63  4:38  SCV  
  64  4:43  Battlecruiser  
  68  4:51  SCV x2, Armory  
  70  4:59  SCV  
  67  5:01  Hellion x2  
  67  5:03  SCV x2  
  73  5:08  Supply Depot  
  73  5:11  SCV  
  72  5:15  SCV  
  72  5:16  SCV  
  72  5:17  Supply Depot  
  74  5:23  Hellion, SCV  
  74  5:24  Factory  
  74  5:27  Factory  
  74  5:28  SCV x2  
  79  5:31  Barracks Tech Lab  
  79  5:35  SCV  
  79  5:37  Hellion  
  79  5:40  Refinery x2, SCV x2  
  79  5:41  Terran Vehicle Weapons Level 1  
  84  5:43  Hellion x8  
  84  5:47  SCV  
  85  5:52  SCV x2  
  84  6:00  SCV  
  84  6:02  Hellion x2  
  88  6:04  SCV x2  
  88  6:12  SCV  
  88  6:16  SCV x2  
  91  6:20  Supply Depot  
  91  6:23  Siege Tank x2  
  91  6:24  SCV  
  98  6:28  SCV x2  
  98  6:30  Supply Depot  
  100  6:33  Factory  
  100  6:35  Factory  
  100  6:36  SCV  
  100  6:38  Hellion x2  
  105  6:40  SCV  
  105  6:41  SCV  
  107  6:48  Supply Depot, SCV  
  107  6:51  Supply Depot  
  107  6:52  SCV  
  109  6:55  Siege Tank x2  
  109  6:56  Engineering Bay  
  109  6:59  SCV  
  110  7:04  SCV  
  98  7:10  SCV  
  103  7:15  Supply Depot  
  103  7:18  Armory  
  103  7:19  SCV  
  103  7:20  Supply Depot  
  102  7:22  SCV  
  102  7:23  Factory Tech Lab, Factory Reactor  
  103  7:31  Command Center  
Tags
 
Add a new tag
Caveats
  • Supply blocks, unpowered buildings, or Contaminate may cause inaccurate times.
  • Supply counts are checked every 10 seconds.